 Dungeon Crawl Stone Soup version 0.28-a0-401-ge240ad9e29 (webtiles) character file.

Game seed: 974658491138252066

54 dolemite99 the Chopper (level 3, -12/31 HPs)
             Began as a Minotaur Abyssal Knight on Sept 5, 2021.
             Was a Believer of Lugonu.
             Killed by divine providence
             ... invoked by an orc priest
              (13 damage)
             ... on level 2 of the Dungeon.
             The game lasted 00:01:31 (2175 turns).

dolemite99 the Chopper (Minotaur Abyssal Knight)    Turns: 2175, Time: 00:01:33

Health: -12/31     AC:  7    Str: 17    XL:     3   Next: 66%
Magic:  0/3        EV:  9    Int:  9    God:    Lugonu [**....]
Gold:   51         SH:  0    Dex:  9    Spells: 2/2 levels left

rFire   . . .      SeeInvis .   o - +0 war axe
rCold   . . .      Faith    .   (no shield)
rNeg    . . .      Spirit   +   j - +0 scale mail
rPois   .          Reflect  .   (helmet restricted)
rElec   .          Harm     .   n - scarf {repulsion}
rCorr   .          Rampage  .   e - +0 pair of gloves
Will    .....                   (no boots)
Stlth   ..........              l - amulet of guardian spirit
HPRegen 0.10/turn               (no ring)
MPRegen 0.08/turn               (no ring)

@: repel missiles
A: horns 2, retaliatory headbutt
a: Renounce Religion, Depart the Abyss, Bend Space


You were on level 2 of the Dungeon.
You worshipped Lugonu.
Lugonu was pleased with you.
You visited 1 branch of the dungeon, and saw 3 of its levels.
You visited the Abyss 1 time.

You collected 51 gold pieces.

Inventory:

Hand Weapons
 a - a +1 hand axe
 o - a +0 war axe (weapon)
Missiles
 d - 3 boomerangs
 f - 55 stones
Armour
 b - a +0 leather armour
 e - a +0 pair of gloves (worn)
 j - a +0 scale mail (worn)
 m - a +0 robe
 n - a scarf of repulsion (worn)
Jewellery
 l - an amulet of guardian spirit (around neck)
Scrolls
 g - 2 scrolls of identify {unknown}
 i - a scroll of blinking {unknown}
 k - 2 scrolls of teleportation {unknown}
Potions
 c - a potion of berserk rage {unknown}
 h - a potion of cancellation


   Skills:
 - Level 3.6 Fighting
 + Level 4.5 Axes
 - Level 2.4 Armour
 - Level 1.1 Dodging
 + Level 2.3 Invocations


You had 2 spell levels left.
You didn't know any spells.
Your spell library was empty.

Dungeon Overview and Level Annotations

Branches:
Dungeon (3/15)

Altars:


Innate Abilities, Weirdness & Mutations

You have a pair of horns on your head.
You reflexively headbutt those who attack you in melee.


Message History

The endoplasm hits you.
There is a stone staircase leading up here.
The kobold throws a poisoned dart.
The poisoned dart hits you.
You are poisoned.
The orc priest hits you with a +0 trident.
The endoplasm hits you.
You climb upwards.
You feel sick.
There is a stone staircase leading down here.
You aren't in the Abyss!
You closely miss the orc priest. You hit the endoplasm but do no damage.
You feel sick.
The orc priest invokes the aid of Beogh against you.
Beogh smites you! The endoplasm misses you.
You are too injured to fight recklessly!
You are too injured to fight recklessly!
You barely miss the orc priest. You hit the endoplasm.
You feel sick. The orc priest completely misses you. The endoplasm freezes you.
You are frozen.
* * * LOW HITPOINT WARNING * * *
The orc priest hits you with a +0 trident.
* * * LOW HITPOINT WARNING * * *
You barely miss the orc priest.
You headbutt the orc priest, but do no damage.
You hit the endoplasm but do no damage.
You feel sick.
You are no longer poisoned.
The endoplasm hits you but does no damage.
The orc priest barely misses you. The endoplasm freezes you.
You are frozen.
* * * LOW HITPOINT WARNING * * *
You hit the orc priest but do no damage.
Your headbutt misses the orc priest. You slash the endoplasm!
You kill the endoplasm!
Lugonu accepts your kill. The orc priest barely misses you.
It was a potion of cancellation.
You feel magically purged.
The orc priest mumbles some strange prayers to Beogh against you.
Beogh smites you!
You die...

...##.#...#.###.....# #.......#
........#...#...>...# #.##.##.#
...##.#...#.#.#.....#####.##.##.#
#####.##.##.#.#..####...#....##.#
#.......#.####≈≈≈≈≈≈#..####.#
####.####.#### #...#..####.#
#.........#####.##.......#
#.####.##.o.....###.######
#.####.##@#####.# #.# ###
#......#.÷.####.###.# ..#
########............# ..#####
#...####.##### ......# ##.#####.#
..###.###### #.......# ..#
#......# ######### ..###.####.#
####...###.#


You could see an orc priest.

Vanquished Creatures
  An adder (D:2)
  A dart slug (D:1)
  2 orcs
  5 ball pythons (D:1)
  4 endoplasms
  A giant cockroach (D:1)
  A goblin (D:1)
  2 hobgoblins
  4 jackals (D:2)
  2 quokkas (D:1)
  5 bats
  2 frilled lizards (D:1)
  4 kobolds
  4 rats
38 creatures vanquished.

Notes
Turn   | Place    | Note
-------+----------+-------------------------------------------
     0 | Abyss:1  | dolemite99 the Minotaur Abyssal Knight began the quest for
                  | the Orb.
     0 | Abyss:1  | Reached XP level 1. HP: 19/19 MP: 1/1
    29 | D:1      | Escaped the Abyss
    77 | D:1      | Reached skill level 3 in Axes
   160 | D:1      | Reached XP level 2. HP: 13/26 MP: 2/2
   632 | D:1      | Reached ** piety under Lugonu
   655 | D:1      | Reached skill level 4 in Axes
  1004 | D:1      | Found a faded altar of an unknown god.
  1066 | D:2      | Reached XP level 3. HP: 31/31 MP: 3/3
  2173 | D:2      | HP: 1/31 [frozen (2)]
  2175 | D:2      | Killed from afar by an orc priest

Illustrated notes

Levels and vault maps discovered:
D:1:      minmay_arrival_stone_box, layout_rooms,
          shapermc_ecumenical_altar_mp_urbaneastern, minmay_misc_feat_tower
D:2:      layout_loops_cross, serial_rivers, chequers_serial_rivers_micro_b,
          chequers_serial_rivers_large_a, chequers_serial_rivers_room_a,
          chequers_serial_rivers_micro_c
D:3:      layout_rooms, uniq_terence, uniq_ijyb, uniq_crazy_yiuf_cottage

Skill      XL: |  1  2  3 |
---------------+----------+-----
Axes           | 3 4 |  4.5
Invocations    | 2 |  2.3
Fighting       | |  3.6
Armour         | |  2.4
Dodging        | |  1.1

Action                   || total
-------------------------++-------
Melee: Hand axe          ||    72
       Headbutt          ||     4
       War axe           ||     4
  Use: Potion            ||     1
Armor: Leather armour    ||    10
       Scale mail        ||    19
Dodge: Dodged            ||    68
       Repelled          ||     1

Table legend: (Time is in decaauts)
 A = Elapsed time spent in this place.
 B = Non-inter-level travel time spent in this place.
 C = Inter-level travel time spent in this place.
 D = Time resting spent in this place.
 E = Time spent auto-exploring this place.
 F = Levels seen in this place.
 G = Mean time per level.
                   A        B        C        D        E       F      G
               +--------+--------+--------+--------+--------+-----+--------+
         Total |   2189 |   2110 |     79 |    755 |   1007 |   4 |  547.2 |
       Dungeon |   2160 |   2081 |     79 |    755 |    984 |   3 |  720.0 |
         Abyss |     29 |     29 |      0 |      0 |     23 |   1 |   29.0 |
               +--------+--------+--------+--------+--------+-----+--------+

Top non-repeatable levels by time:
     D:2: 1133 daAuts
     D:1: 1003 daAuts
 Abyss:1: 29 daAuts
     D:3: 23 daAuts
